 Dungeon Crawl Stone Soup version 0.30.1-9-gdf580d7c3d (webtiles) character file.

Game seed: 7145880674603586400

128 booth the Trooper (level 4, -4/33 HPs)
             Began as a Demonspawn Monk on Oct 7, 2023.
             Was a Priest of Hepliaklqana.
             Slain by a gnoll sergeant
             ... wielding a +5 trident of venom
              (15 damage)
             ... on level 3 of the Dungeon.
             The game lasted 00:09:58 (1921 turns).

booth the Trooper (Demonspawn Monk)                 Turns: 1921, Time: 00:09:58

Health: -4/33      AC:  4    Str: 14    XL:     4   Next: 87%
Magic:  4/4        EV: 13    Int: 11    God:    Hepliaklqana [***...]
Gold:   94         SH:  5    Dex: 15    Spells: 3/3 levels left

rFire   . . .        a - +0 hand axe
rCold   . . .        d - orb {light}
rNeg    . . .        h - +0 leather armour
rPois   .            (no helmet)
rElec   .            (no cloak)
rCorr   .            m - +0 pair of gloves
SInv    .            (no boots)
Will    .....        k - amulet of reflection
Stlth   +            (no ring)
HPRegen 0.25/turn    (no ring)
MPRegen 0.09/turn

%: reflection
@: lethally poisoned (-4 -> -15), glowing
A: reduced essence, spiny 1, demonic touch 1
a: Renounce Religion, Recall Ancestor, Ancestor Identity, Transference


You were on level 3 of the Dungeon.
You worshipped Hepliaklqana.
Hepliaklqana was most pleased with you.
You visited 1 branch of the dungeon, and saw 3 of its levels.

You collected 94 gold pieces.

Inventory:

Hand Weapons
 a - a +0 hand axe (weapon)
 e - a +0 mace
Missiles
 n - 6 poisoned darts (quivered)
Armour
 d - an orb of light (worn)
 h - a +0 leather armour (worn)
 m - a +0 pair of gloves (worn)
 o - a +0 ring mail
Jewellery
 k - an amulet of reflection (around neck)
Potions
 b - 3 potions of flight
 c - a potion of ambrosia
 f - a potion of lignification
 g - a potion of cancellation
 i - a potion of heal wounds {unknown}
 j - a potion of might {unknown}
 l - a potion of resistance {unknown}


   Skills:
 + Level 3.9 Fighting
 * Level 3.9 Axes
 + Level 3.5 Dodging


You had 3 spell levels left.
You didn't know any spells.
Your spell library contained the following spells:

 Spells                   Type           Power      Damage    Failure   Level
 Ensorcelled Hibernation  Hex/Ice        0%         N/A       56%         2
 Passwall                 Tmut/Erth      0%         N/A       56%         2
 Hailstorm                Conj/Ice       0%         3d3       80%         3
 Swiftness                Air            0%         N/A       80%         3
 Ice Form                 Ice/Tmut       0%         N/A       99%         4
 Simulacrum               Ice/Necr       0%         N/A       100%        6


Dungeon Overview and Level Annotations

Branches:
Dungeon (3/15)

Altars:
Hepliaklqana

Shops:
D:2 :


Innate Abilities, Weirdness & Mutations

Your life essence is reduced to manifest your ancestor. (-10% HP)
You are partially covered in sharp spines.
Your touch may inflict minor irresistible damage on your foes.


Message History

You kill the ball python!
You barely miss the ball python.
A bat comes into view.
The ball python closely misses you.
You hit the ball python.
The ball python is moderately wounded.
The bat is struck by your spines.
You kill the bat!
You block the ball python's attack.
You slash the ball python!
You kill the ball python!
You hit the endoplasm.
The endoplasm is lightly wounded.
The endoplasm freezes you.
You are frozen.
You hit the endoplasm.
The endoplasm is severely wounded.
Akiya points at the endoplasm and mumbles some strange words.
The endoplasm resists with significant effort.
The endoplasm is struck by your spines.
You kill the endoplasm!
A gnoll sergeant comes into view. It is wielding a +5 trident of venom.
Found 9 gold pieces.
The gnoll sergeant shouts!
You hear a shout!
A gnoll comes into view. It is wielding a +0 whip.
A gnoll comes into view. It is wielding a +0 halberd.
The gnoll shouts!
A gnoll comes into view. It is wielding a +0 halberd.
The gnoll shouts!
You hear an angry hiss.
An adder comes into view.
The gnoll sergeant hits you with a +5 trident of venom!
You hit the gnoll sergeant.
The gnoll sergeant is lightly wounded.
The gnoll sergeant hits you with a +5 trident of venom!
You are lethally poisoned!
You hit the gnoll sergeant.
The gnoll sergeant is moderately wounded.
You feel very sick.
The gnoll sergeant hits you with a +5 trident of venom!
You die...

#############
............########.#..
.#.....####....R@gggg...
.#.....# #####.####$S..
.#........ ..... #
.#.....### #.#.#.#
.#.....# #.......
.###.### # ... ###
.†...# ..#.. .##### #.
.# .<##


You could see the friendly Akiya the hexer, a gnoll sergeant (ally target), 3
gnolls and an adder.

Vanquished Creatures
  A hound (D:3)
  3 adders (D:3)
  An ufetubus (D:3)
  2 dart slugs (D:1)
  4 bats
  6 endoplasms
  3 giant cockroaches
  7 goblins
  5 hobgoblins
  4 jackals (D:1)
  3 kobolds
  2 quokkas (D:1)
  9 ball pythons
  A frilled lizard (D:1)
  3 rats (D:1)
54 creatures vanquished.

Vanquished Creatures (collateral kills)
  A quokka (D:3)
  A bat (D:3)
2 creatures vanquished.

Grand Total: 56 creatures vanquished

Notes
Turn   | Place    | Note
-------+----------+-------------------------------------------
     0 | D:1      | booth the Demonspawn Monk began the quest for the Orb.
     0 | D:1      | Reached XP level 1. HP: 18/18 MP: 1/1
   131 | D:1      | Gained mutation: Your touch may inflict minor irresistible
                  | damage on your foes. [demonic ancestry]
   131 | D:1      | Reached XP level 2. HP: 19/24 MP: 2/2
   356 | D:1      | Gained mutation: You are partially covered in sharp spines.
                  | [demonic ancestry]
   356 | D:1      | Reached XP level 3. HP: 29/29 MP: 3/3
   771 | D:1      | Found a faded altar of an unknown god.
   786 | D:1      | Found a faded altar of an unknown god.
   809 | D:1      | Prayed at the altar of an unknown god.
   809 | D:1      | Became a worshipper of Hepliaklqana the Forgotten
   809 | D:1      | Reached * piety under Hepliaklqana
   809 | D:1      | Reached ** piety under Hepliaklqana
   810 | D:1      | Remembered your ancestor Akiya as a hexer
   966 | D:2      | Reached *** piety under Hepliaklqana
  1109 | D:2      | Found Gan Vest's Book Emporium.
  1752 | D:3      | Reached XP level 4. HP: 32/32 MP: 4/4
  1916 | D:3      | Noticed a gnoll sergeant
  1921 | D:3      | Slain by a gnoll sergeant

Illustrated notes

Levels and vault maps discovered:
D:1:      dpeg_arrival_morbid_curiosity, layout_basic,
          hellmonk_ecumenical_altar_the_god_not_taken,
          nicolae_concentric_dashed_squares_mild
D:2:      layout_loops_corners, serial_shops, shop
D:3:      layout_loops_ring

Skill      XL: |  1  2 |
---------------+-------+-----
Axes           | 3 |  3.9
Dodging        | 3 |  3.5
Fighting       | |  3.9

Action                     |  1- 3 |  4- 6 || total
---------------------------+-------+-------++-------
  Melee: Hand axe          |   100 |    31 ||   131
 Invoke: Ancestor Life: He |     1 |       ||     1
         Ancestor Identity |     1 |       ||     1
    Use: Scroll            |     2 |       ||     2
         Potion            |     2 |       ||     2
   Stab: Confused          |       |     1 ||     1
 Armour: Robe              |    13 |       ||    13
         Leather armour    |     7 |     6 ||    13
  Dodge: Dodged            |    52 |    15 ||    67
  Block: Orb               |     7 |     8 ||    15
         Reflection        |     1 |       ||     1
